Map: [TLMC19] sugomA

Players

Wayne (Vanya) - Winner!

  • Race: Zerg Zerg
  • League: Master
  • Spawn Location: 1:00

Harstem

  • Race: Protoss Protoss
  • League: Grandmaster
  • Spawn Location: 5:00

VOD

Have the link to the VOD?

Description

Time

  • Played on: Dec. 21, 2023, 6:26 a.m.
  • Length: 9:30
Show
View Real Time Build Order
Export as new Build Order

Wayne Zerg - Winner!

Build Orders: Hatch First 

Get SALT Encoding   

  12  0:00  Drone  
  13  0:12  Overlord  
  13  0:16  Drone  
  14  0:30  Drone x2  
  16  0:47  Hatchery  
  15  0:51  Drone  
  15  0:54  Drone  
  17  0:58  Drone  
  18  1:08  Extractor  
  17  1:13  Spawning Pool  
  17  1:16  Drone  
  17  1:19  Drone  
  18  1:28  Drone  
  19  1:38  Drone  
  20  1:49  Overlord  
  20  1:59  Queen x2  
  20  2:00  Zergling x2  
  20  2:01  Zergling x2  
  26  2:11  Drone x2  
  26  2:12  Metabolic Boost  
  28  2:21  Drone x2  
  30  2:32  Hatchery  
  30  2:35  Drone  
  30  2:38  Drone  
  30  2:44  Queen  
  31  2:48  Overlord  
  33  2:52  Drone  
  33  2:53  Drone  
  33  2:55  Drone  
  36  3:06  Queen  
  36  3:08  Drone x3  
  41  3:13  Overlord  
  41  3:15  Overlord  
  41  3:18  Drone  
  42  3:22  Queen  
  44  3:32  Drone x3  
  47  3:36  Drone  
  47  3:38  Drone x2  
  47  3:39  Drone  
  51  3:46  Spore Crawler  
  51  3:48  Queen  
  52  3:49  Overlord  
  52  3:52  Drone x2  
  52  3:54  Drone  
  55  3:58  Drone x2  
  57  4:03  Spore Crawler  
  57  4:05  Zergling x2  
  57  4:07  Drone  
  57  4:08  Drone x3  
  61  4:15  Overlord  
  61  4:18  Drone x3  
  61  4:21  Lair  
  64  4:27  Drone  
  64  4:28  Roach Warren, Drone  
  64  4:29  Drone  
  66  4:33  Overlord, Extractor x2  
  66  4:34  Drone  
  65  4:39  Drone  
  65  4:40  Drone x3  
  69  4:48  Overlord  
  69  4:50  Extractor  
  69  4:51  Drone x7  
  75  4:53  Drone  
  75  4:59  Overlord  
  76  5:00  Overlord  
  76  5:09  Drone x2  
  76  5:11  Drone x2, Extractor  
  76  5:12  Extractor  
  78  5:17  Drone  
  78  5:21  Drone, Glial Reconstitution  
  78  5:22  Spire  
  78  5:24  Drone, Evolution Chamber  
  78  5:25  Roach x4  
  86  5:34  Overlord x2  
  86  5:39  Drone  
  87  5:44  Overlord  
  87  5:48  Overseer  
  87  5:49  Hatchery  
  86  5:50  Zergling x16  
  94  5:58  Zergling x12  
  99  6:15  Ravager x2  
  99  6:16  Zergling x6  
  99  6:17  Zergling x4  
  99  6:18  Overlord  
  105  6:24  Drone x2  
  106  6:26  Ravager  
  98  6:46  Corruptor x10  
  106  6:52  Overlord  
  106  6:53  Drone  
  105  6:56  Zerg Melee Weapons Level 1  
  105  6:59  Zergling x14  
  109  7:06  Corruptor x2  
  110  7:17  Drone  
  110  7:19  Baneling Nest  
  110  7:20  Roach x5  
  120  7:23  Overlord  
  120  7:26  Overlord  
  120  7:28  Overlord  
  120  7:36  Overlord  
  120  7:39  Overlord  
  120  7:43  Zergling x22  
  127  7:54  Roach  
  127  7:55  Roach x6  
  127  7:56  Ravager x5  
  146  8:03  Centrifugal Hooks  
  146  8:06  Zergling x12  
  152  8:13  Overseer  
  152  8:15  Overlord  
  152  8:17  Zergling x12  
  159  8:27  Zergling x16  
  159  8:33  Overlord x2  
  166  8:40  Zergling x18  
  167  9:01  Zergling x2  
  167  9:02  Zergling x16  
  172  9:04  Baneling x27  
  170  9:10  Overlord  
Show
View Real Time Build Order
Export as new Build Order

Harstem Protoss 

Build Orders: 1 Gate Expand 

Get SALT Encoding   

  12  0:00  Probe  
  13  0:12  Probe  
  14  0:18  Pylon  
  14  0:24  Probe (Chrono Boost)  
  15  0:37  Probe (Chrono Boost)  
  15  0:38  Gateway  
  16  0:45  Probe (Chrono Boost)  
  16  0:46  Assimilator  
  17  0:51  Probe  
  18  1:03  Probe  
  19  1:15  Probe  
  20  1:22  Nexus  
  20  1:32  Cybernetics Core  
  20  1:35  Probe  
  21  1:42  Assimilator  
  21  1:47  Probe  
  21  1:51  Pylon  
  22  1:59  Probe  
  23  2:07  Adept (Chrono Boost)  
  23  2:11  Probe  
  26  2:17  Stargate  
  26  2:23  Probe  
  27  2:30  Adept  
  27  2:33  Warp Gate  
  27  2:36  Probe (Chrono Boost)  
  31  2:39  Probe (Chrono Boost)  
  31  2:48  Probe (Chrono Boost)  
  31  2:51  Probe (Chrono Boost)  
  33  2:52  Probe (Chrono Boost)  
  34  2:59  Probe  
  34  3:03  Probe  
  34  3:04  Void Ray (Chrono Boost)  
  40  3:12  Probe  
  41  3:16  Pylon  
  41  3:17  Gateway  
  41  3:21  Probe (Chrono Boost)  
  43  3:28  Assimilator  
  43  3:29  Probe (Chrono Boost)  
  43  3:33  Probe (Chrono Boost)  
  44  3:38  Probe (Chrono Boost)  
  44  3:39  Assimilator  
  49  3:42  Probe (Chrono Boost)  
  49  3:45  Fleet Beacon  
  47  3:49  Probe (Chrono Boost)  
  47  3:52  Probe (Chrono Boost)  
  47  3:54  Probe (Chrono Boost)  
  49  3:57  Pylon  
  49  4:00  Stargate  
  49  4:02  Probe  
  50  4:05  Probe  
  51  4:14  Probe  
  52  4:19  Pylon  
  52  4:21  Probe  
  53  4:25  Tempest (Chrono Boost)  
  58  4:40  Nexus  
  63  4:49  Pylon  
  65  4:54  Tempest (Chrono Boost)  
  65  4:58  Tempest (Chrono Boost)  
  64  5:00  Probe x2  
  70  5:09  Shield Battery  
  70  5:12  Probe x2  
  72  5:24  Probe  
  72  5:27  Probe  
  74  5:31  Pylon  
  74  5:36  Probe  
  74  5:39  Probe  
  76  5:45  Pylon  
  76  5:46  Tempest (Chrono Boost)  
  76  5:48  Pylon, Probe, Tempest (Chrono Boost)  
  82  5:50  Twilight Council  
  82  5:52  Gateway  
  82  5:55  Gateway  
  87  5:57  Probe  
  87  5:59  Probe  
  87  6:00  Probe  
  90  6:07  Stalker  
  90  6:11  Stalker  
  94  6:13  Probe  
  94  6:15  Probe  
  94  6:16  Probe  
  95  6:27  Cybernetics Core  
  95  6:32  Stalker  
  93  6:35  Stalker  
  93  6:39  Probe  
  94  6:40  Probe x2  
  92  6:48  Stalker  
  92  6:51  Stalker  
  95  6:56  Stalker  
  95  6:58  Stalker  
  94  7:05  Gateway  
  94  7:06  Probe x2  
  94  7:07  Gateway  
  91  7:09  Gateway, Blink (Chrono Boost)  
  91  7:12  Stalker  
  91  7:15  Gateway  
  93  7:18  Gateway  
  93  7:21  Stalker x2  
  97  7:28  Stalker, Forge  
  99  7:30  Probe, Pylon  
  99  7:36  Stalker, Pylon  
  93  7:44  Probe  
  93  7:46  Stalker x2  
  98  7:55  Stalker  
  99  8:01  Nexus  
  99  8:05  Stalker, Sentry, Pylon  
  101  8:08  Photon Cannon  
  101  8:09  Pylon  
  101  8:10  Probe  
  101  8:11  Probe  
  105  8:14  Probe  
  105  8:16  Assimilator  
  105  8:19  Assimilator  
  106  8:20  Stalker  
  108  8:27  Stalker x3  
  108  8:28  Probe  
  108  8:32  Shield Battery  
  115  8:36  Probe  
  115  8:37  Templar Archives  
  115  8:39  Stalker  
  118  8:47  Stalker x3  
  117  8:51  Probe  
  111  8:56  Stalker x3  
  111  8:59  Stalker  
  108  9:03  Stalker x2  
  107  9:12  Stalker  
  107  9:17  Stalker  
Tags
 
Add a new tag
Caveats
  • Supply blocks, unpowered buildings, or Contaminate may cause inaccurate times.
  • Supply counts are checked every 10 seconds.